 Dungeon Crawl Stone Soup version 0.30.0-30-g96aa6591b8 (webtiles) character file.

Game seed: 9341821387477606136

92 DemonSlayer the Digger (level 4, 0/30 HPs)
             Began as a Demonspawn Earth Elementalist on June 28, 2023.
             Slain by an orc
             ... wielding a +0 club
              (3 damage)
             ... on level 4 of the Dungeon.
             The game lasted 00:03:29 (1241 turns).

DemonSlayer the Digger (DsEE)                       Turns: 1241, Time: 00:03:31

Health: 0/30       AC:  4    Str: 10    XL:     4   Next: 35%
Magic:  6/8        EV: 12    Int: 17    God:
Gold:   90         SH:  0    Dex: 19    Spells: 7/8 levels left

rFire   . . .        f - +0 dagger
rCold   . . .        (no shield)
rNeg    . . .        a - +0 robe
rPois   .            (no helmet)
rElec   .            (no cloak)
rCorr   .            n - +0 pair of gloves
SInv    .            (no boots)
Will    .....        r - amulet of magic regeneration
Stlth   ++           d - +6 ring of dexterity
HPRegen 0.25/turn    (no ring)
MPRegen 0.51/turn

%: no passive effects
@: no status effects
A: rugged brown scales 1
a: no special abilities


You were on level 4 of the Dungeon.
You visited 1 branch of the dungeon, and saw 3 of its levels.

You collected 90 gold pieces.

Inventory:

Hand Weapons
 f - a +0 dagger (weapon)
Missiles
 t - 2 silver javelins
Armour
 a - a +0 robe (worn)
 n - a +0 pair of gloves (worn)
Jewellery
 d - a +6 ring of dexterity (left hand)
 p - a ring of ice
 r - an amulet of magic regeneration (around neck)
Wands
 l - a wand of flame (23)
 u - a wand of charming (8)
Scrolls
 b - 2 scrolls of enchant armour {unknown}
 c - 2 scrolls of fear {unknown}
 e - a scroll of acquirement {unknown}
 g - a scroll of noise {unknown}
 h - 2 scrolls of identify {unknown}
 j - a scroll of poison {unknown}
 k - a scroll of teleportation {unknown}
 q - a scroll of immolation {unknown}
Potions
 i - a potion of brilliance {unknown}
 m - a potion of cancellation {unknown}
 o - a potion of berserk rage {unknown}
 s - a potion of heal wounds {unknown}


   Skills:
 + Level 0.3 Fighting
 + Level 1.4 Short Blades
 + Level 2.0 Dodging
 + Level 1.9 Stealth
 + Level 2.8 Spellcasting
 + Level 1.0 Transmutations
 + Level 3.5 Earth Magic


You had 7 spell levels left.
You knew the following spells:

 Your Spells              Type           Power      Damage    Failure   Level
a - Sandblast             Erth           28%        2d8       4%          1

Your spell library contained the following spells:

 Spells                   Type           Power      Damage    Failure   Level
 Passwall                 Tmut/Erth      8%         N/A       11%         2
 Stone Arrow              Conj/Erth      16%        3d8       26%         3
 Petrify                  Tmut/Erth      10%        N/A       56%         4
 Metabolic Englaciation   Hex/Ice        1%         N/A       99%         5
 Statue Form              Tmut/Erth      6%         N/A       100%        6


Dungeon Overview and Level Annotations

Branches:
Dungeon (2/15)

Altars:

Shops:
D:1 [


Innate Abilities, Weirdness & Mutations

You are partially covered in rugged brown scales. (AC +1, +3% HP)


Message History

Unknown command.
Casting: Sandblast (safe; 4% risk of failure)
Confirm with . or Enter, or press ? or * to list all spells.
Aiming: Sandblast (safe; 4% risk of failure)
Press: ? - help, Shift-Dir - straight line, f/p - orc
Aim: an orc, wielding a +0 hand axe and wearing a +0 ring mail (almost dead, 84% to hit)
The blast of sand hits the orc but does no damage.
The orc is almost dead.
The orc hits you with a +0 hand axe.
* * * LOW HITPOINT WARNING * * *
The orc hits you with a +0 club.
* * * LOW HITPOINT WARNING * * *
The orc misses you. The orc hits you with a +0 hand axe.
* * * LOW HITPOINT WARNING * * *
Unknown command.
Casting: Sandblast (safe; 4% risk of failure)
Confirm with . or Enter, or press ? or * to list all spells.
You don't know that spell.
Unknown command.
Unknown command.
Unknown command.
Casting: Sandblast (safe; 4% risk of failure)
Confirm with . or Enter, or press ? or * to list all spells.
Aiming: Sandblast (safe; 4% risk of failure)
Press: ? - help, Shift-Dir - straight line, f/p - orc
Aim: an orc, wielding a +0 hand axe and wearing a +0 ring mail (almost dead, 84% to hit)
The blast of sand misses the orc.
The blast of sand hits the orc.
The orc is heavily wounded.
The orc shouts!
The orc misses you. The orc hits you but does no damage.
Unknown command.
Casting: Sandblast (safe; 4% risk of failure)
Confirm with . or Enter, or press ? or * to list all spells.
Aiming: Sandblast (safe; 4% risk of failure)
Press: ? - help, Shift-Dir - straight line, f/p - orc
Aim: an orc, wielding a +0 hand axe and wearing a +0 ring mail (almost dead, 84% to hit)
The blast of sand hits the orc!
You kill the orc!
The orc hits you with a +0 club.
You die...

#. .## ###. ##..##
#.#.# #....S ..#....
....# # ...o. ....#
##8##
...##..##..#.##8...8
........o.##.##.....
##....##..#..#>.....
###. ##)###@##.....
###..#..##oo##8...8
............# 8##
............# #######
#..##.......# #[....##
## #......#####
#......#
##.....#...####.....#
##...........#.....##
#........##.#........#


You could see 2 orcs.

Vanquished Creatures
  A jelly (D:4)
  Jessica (D:2)
  An adder (D:2)
  A dart slug (D:2)
  An orc (D:4)
  2 bats
  2 endoplasms (D:2)
  2 giant cockroaches
  3 hobgoblins (D:2)
  A quokka (D:2)
  2 ball pythons
  2 frilled lizards
  4 kobolds
  2 rats
25 creatures vanquished.

Notes
Turn   | Place    | Note
-------+----------+-------------------------------------------
     0 | D:1      | DemonSlayer the Demonspawn Earth Elementalist began the
                  | quest for the Orb.
     0 | D:1      | Reached XP level 1. HP: 13/13 MP: 3/3
    91 | D:1      | Reached skill level 1 in Transmutations
   166 | D:1      | Found Suerr's Antique Armour Shoppe.
   551 | D:1      | Reached skill level 3 in Earth Magic
   596 | D:2      | Gained mutation: You are partially covered in rugged brown
                  | scales. (AC +1, +3% HP) [demonic ancestry]
   596 | D:2      | Reached XP level 2. HP: 5/19 MP: 1/5
   967 | D:2      | Noticed Jessica
   970 | D:2      | Reached skill level 1 in Short Blades
   974 | D:2      | Reached XP level 3. HP: 22/24 MP: 1/6
  1034 | D:2      | Killed Jessica
  1181 | D:2      | You fall into a shaft and drop 2 floors!
  1205 | D:4      | Reached XP level 4. HP: 30/30 MP: 6/8
  1241 | D:4      | Slain by an orc

Illustrated notes

Levels and vault maps discovered:
D:1:      roderic_crossed_star, layout_loops_cross, serial_shops, shop
D:2:      layout_rooms, amethyst_killhole, uniq_jessica
D:4:      cheibrodos_old_hovel, layout_cave_pools,
          nicolae_overflow_hidden_temple, serial_shops, shop

Skill      XL: |  1  2  3 |
---------------+----------+-----
Transmutations | 1 |  1.0
Earth Magic    | 3 |  3.5
Short Blades   | 1 |  1.4
Dodging        | 2 |  2.0
Fighting       | |  0.3
Stealth        | |  1.9
Spellcasting   | |  2.8

Action                     |  1- 3 |  4- 6 || total
---------------------------+-------+-------++-------
  Melee: Dagger            |    23 |       ||    23
         Punch             |     1 |       ||     1
   Cast: Sandblast         |    32 |    15 ||    47
    Use: Potion            |     1 |       ||     1
   Stab: Sleeping          |     2 |       ||     2
 Armour: Robe              |    28 |     3 ||    31
  Dodge: Dodged            |    40 |    20 ||    60
